 Dungeon Crawl Stone Soup version 0.27.1-3-gb3d3a73c9e (webtiles) character file.

Game seed: 13702718902526395496

21 barney the Changer (level 2, 0/23 HPs)
             Began as a Draconian Transmuter on Oct 6, 2021.
             Slain by a bat (1 damage)
             ... on level 2 of the Dungeon.
             The game lasted 00:00:29 (493 turns).

barney the Changer (Draconian Transmuter)            Turns: 493, Time: 00:00:29

Health: 0/23       AC:  4    Str: 12    XL:     2   Next: 65%
Magic:  5/5        EV: 12    Int: 13    God:
Gold:   52         SH:  0    Dex: 11    Spells: 4/5 levels left

rFire    . . .     SeeInvis .     - Unarmed
rCold    . . .     Faith    .   (no shield)
rNeg     . . .     Spirit   .   (armour unavailable)
rPois    .         Reflect  .   (helmet restricted)
rElec    .         Harm     .   (no cloak)
rCorr    .         Rampage  .   (no gloves)
Will     .....                  (no boots)
Stlth    +.........             (no amulet)
HPRegen  0.07/turn              (no ring)
MPRegen  0.09/turn              (no ring)

@: no status effects
A: AC +4, unfitting armour, cold-blooded
a: no special abilities


You were on level 2 of the Dungeon.
You visited 1 branch of the dungeon, and saw 2 of its levels.

You collected 52 gold pieces.

Inventory:

Scrolls
 a - a scroll of teleportation {unknown}


   Skills:
 - Level 1.1 Fighting
 - Level 1.7 Dodging
 - Level 3.0 Unarmed Combat
 - Level 2.0 Spellcasting
 + Level 3.3 Transmutations


You had 4 spell levels left.
You knew the following spells:

 Your Spells              Type           Power      Damage    Failure   Level
a - Beastly Appendage     Tmut           18%        N/A       7%          1

Your spell library contained the following spells:

 Spells                   Type           Power      Damage    Failure   Level
 Wereblood                Tmut           9%         N/A       10%         2
 Spider Form              Tmut/Pois      2%         N/A       36%         3
 Ice Form                 Ice/Tmut       5%         N/A       78%         4


Dungeon Overview and Level Annotations

Branches:
Dungeon (1/15)

Altars:


Innate Abilities, Weirdness & Mutations

Your plain brown scales are hard. (AC +4)
You cannot fit into any form of body armour.
You are cold-blooded and may be slowed by cold attacks.


Message History

You kill the adder!
You feel sick.
Your Transmutations skill increases to level 3!
You feel sick.
A bat and a goblin come into view.
Your transformation is almost over.
* * * LOW HITPOINT WARNING * * *
You feel sick.
You see here a bubbling inky potion.
* * * LOW HITPOINT WARNING * * *
You feel sick. The bat closely misses you.
* * * LOW HITPOINT WARNING * * *
You feel sick. The bat barely misses you.
* * * LOW HITPOINT WARNING * * *
You feel sick. The bat misses you.
You aren't carrying any potions.
You hit the bat but do no damage.
Your tail-slap misses the bat.
* * * LOW HITPOINT WARNING * * *
You feel sick. The bat hits you but does no damage.
* * * LOW HITPOINT WARNING * * *
You feel sick.
You are no longer poisoned.
The bat misses you. x2
Unknown command.
The bat misses you. The bat completely misses you. The bat hits you.
* * * LOW HITPOINT WARNING * * *
The bat closely misses you. The bat barely misses you.
The bat closely misses you.
There is an open door here.
Your horns disappear.
Your talons disappear.
The bat hits you but does no damage. The bat hits you but does no damage.
The goblin unwields a +0 club.
The goblin wields a +0 hunting sling.
The goblin shoots a stone.
The stone barely misses you. The bat closely misses you.
The bat hits you but does no damage. The bat hits you but does no damage.
The bat hits you.
You die...

b..# ..# ####.#
#...!# #.#### #.#
#.#
###########'#####
#<...@b.g.......#
######..........#
#..........+
#..........#
#..........#
#..........#
#..........#
#..........+
#..........


You could see a goblin and a bat.

Vanquished Creatures
  An adder (D:2)
  A dart slug (D:1)
  2 endoplasms (D:1)
  A hobgoblin (D:1)
  A kobold (D:1)
  3 bats (D:1)
  A goblin (D:1)
  A rat (D:1)
11 creatures vanquished.

Notes
Turn   | Place    | Note
-------+----------+-------------------------------------------
     0 | D:1      | barney the Draconian Transmuter began the quest for the
                  | Orb.
     0 | D:1      | Reached XP level 1. HP: 16/16 MP: 3/3
   303 | D:1      | Reached XP level 2. HP: 23/23 MP: 5/5
   444 | D:1      | You fall into a shaft and drop 1 floor!
   483 | D:2      | HP: 1/23 [poisoned by an adder]
   493 | D:2      | Slain by a bat

Illustrated notes

Levels and vault maps discovered:
D:1:      roderic_chinese_lattice_arrival, layout_basic, kennysheep_doodads,
          minmay_crystal_room, minmay_heptomino_l4
D:2:      layout_basic

Skill      XL: |  1  2 |
---------------+-------+-----
Transmutations | 3 |  3.3
Fighting       | |  1.1
Dodging        | |  1.7
Unarmed Combat | |  3.0
Spellcasting   | |  2.0

Action                   || total
-------------------------++-------
Melee: Unarmed           ||    23
       Kick              ||     5
       Headbutt          ||     2
 Cast: Beastly Appendage ||     7
Armor: Skin              ||    20
Dodge: Dodged            ||    20
